[Event "ICC tourney 2349 (60 10)"]
[Site "Internet Chess Club"]
[Date "2021.01.31"]
[Round "4"]
[White "ChessTempest"]
[Black "SimonMango"]
[Result "0-1"]
[ICCResult "White checkmated"]
[WhiteElo "1016"]
[BlackElo "1149"]
[Opening "Sicilian: accelerated fianchetto, modern variation with Bc4"]
[ECO "B35"]
[NIC "SI.33"]
[Time "10:05:20"]
[PlyCount "128"]
[TimeControl "3600+10"]

1. e4 c5 2. Nf3 Nc6 3. d4 cxd4 4. Nxd4 g6 5. Nc3 Bg7 6. Be3 Nf6 7. Bc4 O-O
8. O-O d6 9. h3 Bd7 10. Qd2 Nxd4 11. Qxd4 Bc6 12. e5 dxe5 13. Qxe5 Ng4 14.
Qg3 Nxe3 15. Qxe3 a6 16. Rad1 Qc7 17. Bd5 Bxd5 18. Nxd5 Qxc2 19. Nxe7+ Kh8
20. b3 Qxa2 21. Rfe1 Qa3 22. Nd5 Qa5 23. Nb6 Rad8 24. Nd7 Rg8 25. Qe7 Qf5
26. Qd6 Rge8 27. Qc7 Rxe1+ 28. Rxe1 Qxd7 29. Qxd7 Rxd7 30. Re8+ Bf8 31.
Rxf8+ Kg7 32. Rb8 Kf6 33. Rh8 h5 34. Re8 Rd3 35. b4 Rb3 36. Re4 Kf5 37. Rd4
Ke5 38. Rc4 Kd5 39. Rf4 f5 40. Kh2 Rd3 41. f3 Rd4 42. Rxd4+ Kxd4 43. g4 Ke5
44. gxh5 gxh5 45. Kg3 Kf6 46. Kh4 Kg6 47. f4 b6 48. Kg3 a5 49. Kf3 a4 50.
Ke2 a3 51. Kd1 a2 52. Kc1 a1=Q+ 53. Kd2 Qb2+ 54. Ke1 Qc2 55. Kf1 Qd2 56.
Kg1 Qe2 57. h4 Kf6 58. Kh1 Ke6 59. Kg1 Kd5 60. Kh1 Kd4 61. Kg1 Ke3 62. Kh1
Kf3 63. Kg1 Qf2+ 64. Kh1 Qg2# { White checkmated } 0-1

[Event "ICC tourney 2349 (60 10)"]
[Site "Internet Chess Club"]
[Date "2021.01.31"]
[Round "4"]
[White "AccuratePotato"]
[Black "ScorpianFire7"]
[Result "1-0"]
[ICCResult "Black resigns"]
[WhiteElo "1748"]
[BlackElo "1501"]
[Opening "Queen's pawn game, Darooha variation "]
[ECO "D02"]
[NIC "QP.08"]
[Time "10:04:56"]
[PlyCount "57"]
[TimeControl "3600+10"]

1. d4 d5 2. Nf3 Nf6 3. g3 Bf5 4. Bg2 e6 5. O-O Bd6 6. c4 c5 7. dxc5 Bxc5 8.
Nc3 d4 9. Na4 b6 10. Nxc5 bxc5 11. Nxd4 Be4 12. Nf3 O-O 13. Bg5 h6 14. Qxd8
Rxd8 15. Bxf6 gxf6 16. Rfd1 Nc6 17. b3 Rac8 18. Rac1 a5 19. Nd2 Bxg2 20.
Kxg2 f5 21. e4 fxe4 22. Nxe4 Nd4 23. Rd2 f5 24. Nc3 Kf7 25. Rcd1 Ke7 26.
Nb5 e5 27. Nc3 Nc6 28. Rd5 Rxd5 29. Rxd5 { Black resigns } 1-0

[Event "ICC tourney 2349 (60 10)"]
[Site "Internet Chess Club"]
[Date "2021.01.31"]
[Round "4"]
[White "niftyfountain"]
[Black "maxwellmassiah"]
[Result "0-1"]
[ICCResult "White checkmated"]
[WhiteElo "1357"]
[BlackElo "1738"]
[Opening "Sicilian: accelerated fianchetto, modern variation"]
[ECO "B34"]
[NIC "SI.33"]
[Time "10:04:42"]
[PlyCount "40"]
[TimeControl "3600+10"]

1. e4 c5 2. Nf3 g6 3. d4 cxd4 4. Nxd4 Nc6 5. Nc3 Bg7 6. Be3 Nf6 7. f3 O-O
8. Qd2 d5 9. exd5 Nxd5 10. Nxd5 Qxd5 11. Nxc6 Qxc6 12. O-O-O Be6 13. Kb1
Rac8 14. Bd3 Rfd8 15. Qc1 Qd5 16. b3 Qe5 17. c3 Rxc3 18. Bc2 Rxb3+ 19. Bxb3
Bf5+ 20. Bc2 Qa1# { White checkmated } 0-1

[Event "ICC tourney 2349 (60 10)"]
[Site "Internet Chess Club"]
[Date "2021.01.31"]
[Round "4"]
[White "kellen50158"]
[Black "syunmaximus"]
[Result "0-1"]
[ICCResult "White checkmated"]
[WhiteElo "1288"]
[BlackElo "1112"]
[Opening "Giuoco Piano"]
[ECO "C54"]
[NIC "IG.02"]
[Time "10:05:00"]
[PlyCount "90"]
[TimeControl "3600+10"]

1. e4 e5 2. Nf3 Nc6 3. Bc4 Bc5 4. c3 Nf6 5. d4 exd4 6. cxd4 Bb4+ 7. Bd2
Bxd2+ 8. Nbxd2 d5 9. exd5 Nxd5 10. O-O O-O 11. Rc1 Bg4 12. Qc2 Nf6 13. Qd3
Re8 14. Bb5 Bd7 15. Rfe1 a6 16. Bc4 Ne7 17. Qb3 Rf8 18. Qxb7 Rb8 19. Qxa6
Rxb2 20. Rb1 Rxb1 21. Rxb1 Ng6 22. Qb7 c6 23. Qb3 Qe7 24. a4 Bf5 25. Ra1
Nf4 26. Kf1 N4d5 27. a5 Ra8 28. a6 h6 29. Ne5 Qc7 30. Qa4 Bd7 31. Nxd7 Nxd7
32. Rc1 N7b6 33. Qa2 Nxc4 34. Qxc4 Qa5 35. Qxc6 Rxa6 36. Qc8+ Kh7 37. Nf3
Re6 38. Qd7 Nc3 39. Qxf7 Qa6+ 40. Kg1 Ne2+ 41. Kh1 Nxc1 42. Qf5+ Rg6 43.
Kg1 Ne2+ 44. Kh1 Qa1+ 45. Ng1 Qxg1# { White checkmated } 0-1

[Event "ICC tourney 2349 (60 10)"]
[Site "Internet Chess Club"]
[Date "2021.01.31"]
[Round "4"]
[White "upcomingmaster"]
[Black "Pandemonium06"]
[Result "1-0"]
[ICCResult "Black checkmated"]
[WhiteElo "1654"]
[BlackElo "1378"]
[Opening "Dutch"]
[ECO "A80"]
[NIC "HD.12"]
[Time "10:04:44"]
[PlyCount "83"]
[TimeControl "3600+10"]

1. d4 f5 2. Bf4 e6 3. Nf3 Nf6 4. e3 b6 5. Bd3 Bb7 6. Nbd2 Bd6 7. Ne5 O-O 8.
Qe2 Nd5 9. c3 a5 10. h4 a4 11. a3 Na6 12. h5 c5 13. h6 g6 14. Nxg6 Nxf4 15.
Nxf4 cxd4 16. cxd4 Qf6 17. Nf3 Bc7 18. Rc1 Bxf4 19. exf4 Bxf3 20. gxf3 Nb8
21. Rg1+ Kh8 22. Qe5 Nc6 23. Qxf6+ Rxf6 24. Rg7 Rxh6 25. Rxd7 Rh1+ 26. Bf1
Na5 27. Rcc7 Re8 28. Ke2 Nb3 29. Rd6 h5 30. Rdd7 Nxd4+ 31. Rxd4 e5 32. fxe5
Rxe5+ 33. Kd2 Re8 34. Bd3 Rh2 35. Bxf5 Rxf2+ 36. Kc3 Rxf3+ 37. Bd3 Kg8 38.
Kb4 h4 39. Bc4+ Kf8 40. Rxh4 Rg3 41. Rh8+ Rg8 42. Rxg8# { Black checkmated
} 1-0

[Event "ICC tourney 2349 (60 10)"]
[Site "Internet Chess Club"]
[Date "2021.01.31"]
[Round "4"]
[White "PlayfulDolphin"]
[Black "IcePotato"]
[Result "1-0"]
[ICCResult "Black checkmated"]
[WhiteElo "1100"]
[BlackElo "1298"]
[Opening "French: Paulsen variation"]
[ECO "C10"]
[NIC "FR.04"]
[Time "10:04:43"]
[PlyCount "135"]
[TimeControl "3600+10"]

1. e4 e6 2. d4 d5 3. Nc3 Be7 4. f4 c5 5. dxc5 d4 6. Nce2 Bxc5 7. Nf3 Nc6 8.
c3 dxc3 9. Qxd8+ Kxd8 10. Nxc3 Nf6 11. h3 Ke7 12. Bd2 Rd8 13. O-O-O b6 14.
g4 h6 15. Bg2 Bb7 16. e5 Nd5 17. Ne4 Be3 18. f5 exf5 19. gxf5 Bxd2+ 20.
Rxd2 Ne3 21. Nd6 Ba6 22. Nd4 Nxd4 23. Bxa8 Ndxf5 24. Nxf5+ Nxf5 25. Rxd8
Kxd8 26. Bd5 Ke7 27. Re1 Nd4 28. Kd2 Bc8 29. Kc3 Ne6 30. Bxe6 Bxe6 31. Rc1
Bxa2 32. b3 Ke6 33. Ra1 Bxb3 34. Kxb3 Kxe5 35. Rxa7 Kf6 36. Rb7 Kg6 37.
Rxb6+ f6 38. Kc4 Kf5 39. Kd4 g5 40. Ke3 h5 41. Kf3 g4+ 42. hxg4+ hxg4+ 43.
Kg3 Kg5 44. Rb5+ f5 45. Rc5 Kf6 46. Kf4 Ke6 47. Rxf5 g3 48. Rg5 g2 49. Rxg2
Kd5 50. Re2 Kd4 51. Rd2+ Kc3 52. Ke3 Kc4 53. Rd3 Kc5 54. Rd4 Kc6 55. Ke4
Kc5 56. Ke5 Kc6 57. Rd5 Kc7 58. Rd6 Kc8 59. Ke6 Kc7 60. Ke7 Kb7 61. Kd7 Kb8
62. Rc6 Kb7 63. Kd6 Kb8 64. Rc7 Ka8 65. Kc6 Kb8 66. Rh7 Ka8 67. Kb6 Kb8 68.
Rh8# { Black checkmated } 1-0

[Event "ICC tourney 2349 (60 10)"]
[Site "Internet Chess Club"]
[Date "2021.01.31"]
[Round "4"]
[White "aritroc"]
[Black "HarperW"]
[Result "1-0"]
[ICCResult "Black checkmated"]
[WhiteElo "1917"]
[BlackElo "1465"]
[Opening "Budapest defense declined"]
[ECO "A51"]
[NIC "QG.01"]
[Time "10:04:52"]
[PlyCount "81"]
[TimeControl "3600+10"]

1. d4 Nf6 2. c4 e5 3. d5 Bc5 4. Nc3 d6 5. Bg5 Bf5 6. e3 Nbd7 7. Bd3 Bg6 8.
Nge2 Qe7 9. Ng3 Bb4 10. Nf5 Bxf5 11. Bxf5 h6 12. Bh4 g5 13. Bg3 Nc5 14. O-O
Bxc3 15. bxc3 h5 16. h3 e4 17. Rb1 Ng8 18. Qd4 Nf6 19. h4 g4 20. Bf4 Rg8
21. Bg5 Rxg5 22. hxg5 Ng8 23. Qg7 Qf8 24. Qh7 Ne7 25. Bxe4 O-O-O 26. Qxh5
Nxe4 27. Qxg4+ Kb8 28. Qxe4 Ng6 29. Qc2 Qe7 30. Qf5 Rh8 31. Rfd1 Nh4 32.
Qf6 Qe8 33. Rd4 Ng6 34. g3 a6 35. c5 Qc8 36. c6 Qh3 37. Rxb7+ Ka8 38. Qxh8+
Qxh8 39. Ra4 Qb8 40. Rxa6+ Qa7 41. Raxa7# { Black checkmated } 1-0

[Event "ICC tourney 2349 (60 10)"]
[Site "Internet Chess Club"]
[Date "2021.01.31"]
[Round "4"]
[White "RohanKrishna"]
[Black "SAsameer"]
[Result "1-0"]
[ICCResult "Black resigns"]
[WhiteElo "1703"]
[BlackElo "1393"]
[Opening "Scandinavian defense"]
[ECO "B01"]
[NIC "SD.03"]
[Time "10:04:57"]
[PlyCount "55"]
[TimeControl "3600+10"]

1. e4 d5 2. exd5 Nf6 3. d4 Bg4 4. Be2 Bxe2 5. Nxe2 Qxd5 6. O-O e6 7. Nbc3
Qh5 8. Bf4 Bd6 9. Bxd6 cxd6 10. Ng3 Qg6 11. Nb5 Kd7 12. c4 a6 13. Nc3 Ke7
14. d5 Re8 15. dxe6 fxe6 16. Re1 Nc6 17. Nd5+ Nxd5 18. cxd5 Ne5 19. f4 Qf7
20. fxe5 exd5 21. e6 Qf6 22. Qxd5 Qxb2 23. Rab1 Qc3 24. Rxb7+ Kf8 25. e7+
Rxe7 26. Rbxe7 Qc5+ 27. Qxc5 dxc5 28. Rc7 { Black resigns } 1-0

[Event "ICC tourney 2349 (60 10)"]
[Site "Internet Chess Club"]
[Date "2021.01.31"]
[Round "4"]
[White "pvnieuwe"]
[Black "rcww2020"]
[Result "1-0"]
[ICCResult "Black checkmated"]
[WhiteElo "1496"]
[BlackElo "1674"]
[Opening "Sicilian: Alapin's variation (2.c3)"]
[ECO "B22"]
[NIC "SI.46"]
[Time "10:04:45"]
[PlyCount "71"]
[TimeControl "3600+10"]

1. e4 c5 2. c3 e6 3. d4 cxd4 4. cxd4 d5 5. e5 Nc6 6. Nf3 Qb6 7. a3 Nge7 8.
Nc3 Nf5 9. Bb5 a6 10. Ba4 Bd7 11. Ne2 Qc7 12. Bc2 Nfe7 13. O-O f6 14. Bf4
f5 15. Rc1 h6 16. h4 O-O-O 17. b4 Kb8 18. Nd2 Be8 19. Nb3 Ng6 20. h5 Nxf4
21. Nxf4 Qe7 22. Nc5 Bf7 23. Ba4 Ka7 24. Bxc6 bxc6 25. Qa4 Rc8 26. Qxa6+
Kb8 27. b5 cxb5 28. Qxb5+ Ka8 29. Qa6+ Kb8 30. Rb1+ Kc7 31. Rb7+ Kd8 32.
Rxe7 Bxe7 33. Nfxe6+ Bxe6 34. Nxe6+ Kd7 35. Nxg7 Bg5 36. Qd6# { Black
checkmated } 1-0

[Event "ICC tourney 2349 (60 10)"]
[Site "Internet Chess Club"]
[Date "2021.01.31"]
[Round "4"]
[White "TheChessKid90"]
[Black "Ososul"]
[Result "0-1"]
[ICCResult "White resigns"]
[WhiteElo "1210"]
[BlackElo "2133"]
[Opening "QGD: classical variation (5.Bf4)"]
[ECO "D37"]
[NIC "QO.04"]
[Time "10:04:48"]
[PlyCount "51"]
[TimeControl "3600+10"]

1. d4 Nf6 2. c4 e6 3. Nf3 d5 4. Nc3 Be7 5. Bf4 O-O 6. e3 c6 7. a3 Nbd7 8.
Bd3 dxc4 9. Bxc4 b5 10. Bd3 a6 11. O-O c5 12. Ne4 Nd5 13. dxc5 f5 14. c6
Nxf4 15. exf4 fxe4 16. Bxe4 Nf6 17. Qxd8 Bxd8 18. c7 Nxe4 19. cxd8=Q Rxd8
20. Rad1 Bb7 21. Rde1 Rd6 22. Ne5 Nd2 23. Rd1 Rad8 24. Rfe1 Nf3+ 25. gxf3
Rxd1 26. Rxd1 { White resigns } 0-1

[Event "ICC tourney 2349 (60 10)"]
[Site "Internet Chess Club"]
[Date "2021.01.31"]
[Round "4"]
[White "aarm2008"]
[Black "Alycatheawesome"]
[Result "1-0"]
[ICCResult "Black resigns"]
[WhiteElo "1709"]
[BlackElo "1411"]
[Opening "Scandinavian: Pytel-Wade variation"]
[ECO "B01"]
[NIC "SD.02"]
[Time "10:04:54"]
[PlyCount "175"]
[TimeControl "3600+10"]

1. e4 d5 2. exd5 Qxd5 3. Nc3 Qd6 4. d4 c6 5. Be3 Nf6 6. Bd3 h6 7. h3 Nbd7
8. Nf3 e6 9. Qd2 Qc7 10. O-O-O Bb4 11. Kb1 Nb6 12. Nb5 Qe7 13. c3 cxb5 14.
Bxb5+ Bd7 15. Bxd7+ Qxd7 16. cxb4 Nfd5 17. Ne5 Qd6 18. a3 O-O-O 19. Nxf7
Qe7 20. Nxh8 Rxh8 21. Rc1+ Kb8 22. Bf4+ Ka8 23. Be5 Qf7 24. Rc5 Qg6+ 25.
Qc2 Qxg2 26. Rc1 a6 27. Bc7 Qxh3 28. Bxb6 Nxb6 29. Rc7 Qg4 30. Rxb7 Kxb7
31. Qc6+ Ka7 32. Qc7+ Ka8 33. Qxb6 Qe4+ 34. Ka1 Qb7 35. Qxe6 h5 36. Rc6 Rh6
37. Qe8+ Ka7 38. Rxh6 Qh1+ 39. Ka2 Qd5+ 40. b3 gxh6 41. Qe7+ Kb6 42. Qf6+
Qc6 43. Qf5 Qc3 44. Qg6+ Qc6 45. Qd3 h4 46. d5 Qc7 47. d6 Qd7 48. Qd4+ Kc6
49. Qxh4 Qxd6 50. Qc4+ Kb7 51. Qe4+ Qc6 52. Qe7+ Qc7 53. Qe2 h5 54. Kb2 h4
55. Qe4+ Kb6 56. Qxh4 Qe5+ 57. Kc2 Qe2+ 58. Kc3 Qf3+ 59. Kd2 Qd5+ 60. Kc3
Qf3+ 61. Kd4 Qd1+ 62. Ke5 Qe2+ 63. Kf5 Qf3+ 64. Kg6 Qd3+ 65. Kh6 Qd6+ 66.
Kh5 Qe5+ 67. Qg5 Qh2+ 68. Kg6 Qxf2 69. Qf6+ Qxf6+ 70. Kxf6 Kc6 71. Ke5 Kb6
72. Kd5 Kb5 73. Kd4 Kb6 74. Kc4 Kc6 75. a4 Kd6 76. b5 a5 77. b4 axb4 78.
Kxb4 Kc7 79. Ka5 Kb7 80. Kb4 Kb6 81. a5+ Ka7 82. Kc5 Kb7 83. Kd6 Ka7 84.
Kc7 Ka8 85. a6 Ka7 86. b6+ Ka8 87. b7+ Ka7 88. b8=Q+ { Black resigns } 1-0

[Event "ICC tourney 2349 (60 10)"]
[Site "Internet Chess Club"]
[Date "2021.01.31"]
[Round "4"]
[White "madscience08"]
[Black "knasta"]
[Result "0-1"]
[ICCResult "White resigns"]
[WhiteElo "1604"]
[BlackElo "1886"]
[Opening "Ruy Lopez: Anderssen variation"]
[ECO "C77"]
[NIC "RL.12"]
[Time "10:04:58"]
[PlyCount "70"]
[TimeControl "3600+10"]

1. e4 e5 2. Nf3 Nc6 3. Bb5 a6 4. Ba4 Nf6 5. d3 b5 6. Bb3 Be7 7. O-O d6 8.
h3 Na5 9. Nc3 Nxb3 10. axb3 b4 11. Na4 O-O 12. Bd2 a5 13. c4 Re8 14. Be3
Bf8 15. c5 d5 16. Qc2 Ba6 17. Rfd1 d4 18. Bg5 h6 19. Bh4 Re6 20. Nh2 g5 21.
Bg3 Nh5 22. Rac1 Qf6 23. Ng4 Qg7 24. Qd2 Nf4 25. Bxf4 gxf4 26. f3 h5 27.
Nh2 Rg6 28. Qf2 Rg3 29. Kh1 Be7 30. Nf1 Rg6 31. Rc2 Kh8 32. Qe2 Bh4 33. Nd2
Rg8 34. Rg1 Bxd3 35. Qxd3 Rxg2 { White resigns } 0-1

[Event "ICC tourney 2349 (60 10)"]
[Site "Internet Chess Club"]
[Date "2021.01.31"]
[Round "4"]
[White "sylviem"]
[Black "K624"]
[Result "1-0"]
[ICCResult "Black checkmated"]
[WhiteElo "1519"]
[BlackElo "1378"]
[Opening "King's Indian: fianchetto, Uhlmann (Szabo) variation"]
[ECO "E62"]
[NIC "KI.72"]
[Time "10:05:00"]
[PlyCount "133"]
[TimeControl "3600+10"]

1. d4 Nf6 2. Nf3 g6 3. c4 Bg7 4. g3 d6 5. Bg2 O-O 6. O-O Nc6 7. Nc3 e5 8.
dxe5 dxe5 9. b3 Bg4 10. Bb2 Re8 11. Qxd8 Raxd8 12. Rfd1 Nd4 13. h3 Nxf3+
14. exf3 Bf5 15. Nb5 c6 16. Nd6 Re7 17. Nxf5 Rxd1+ 18. Rxd1 gxf5 19. Rd8+
Re8 20. Rd6 Nh5 21. Rd7 Rb8 22. Kf1 Nf6 23. Re7 Kf8 24. Rxe5 Nd7 25. Ba3+
Kg8 26. Rxf5 Re8 27. Rf4 Nb6 28. Re4 Rd8 29. Ke2 Nd7 30. Re3 c5 31. Rd3
Re8+ 32. Kd1 Bd4 33. Bxc5 Bxc5 34. Rxd7 Bxf2 35. Rxb7 Re1+ 36. Kd2 Re8 37.
g4 Be3+ 38. Kc2 Bb6 39. Rd7 Kf8 40. f4 Re2+ 41. Rd2 Rxd2+ 42. Kxd2 Ba5+ 43.
Kd3 Ke7 44. Kd4 Bc7 45. f5 Bb6+ 46. c5 Bc7 47. c6 Kd6 48. b4 f6 49. a4 Bb6+
50. Kc4 a6 51. a5 Bc7 52. b5 axb5+ 53. Kxb5 Bb8 54. Ka6 Kc7 55. g5 fxg5 56.
f6 g4 57. hxg4 Kd6 58. Kb7 Bc7 59. a6 Ba5 60. a7 Ke6 61. a8=Q Bb4 62. Qc8+
Kxf6 63. Qf5+ Kg7 64. Bd5 Bd2 65. c7 Kh6 66. c8=Q Bg5 67. Qcf8# { Black
checkmated } 1-0

[Event "ICC tourney 2349 (60 10)"]
[Site "Internet Chess Club"]
[Date "2021.01.31"]
[Round "4"]
[White "jedimastermatt"]
[Black "danilattack"]
[Result "0-1"]
[ICCResult "White resigns"]
[WhiteElo "1547"]
[BlackElo "1785"]
[Opening "King's Indian: London system"]
[ECO "A48"]
[NIC "QP.06"]
[Time "10:04:57"]
[PlyCount "103"]
[TimeControl "3600+10"]

1. d4 Nf6 2. Nf3 g6 3. Bf4 d5 4. e3 Bg7 5. h3 c5 6. c3 Nc6 7. Nbd2 cxd4 8.
cxd4 Bd7 9. Be2 Rc8 10. Rc1 O-O 11. O-O Re8 12. Ne5 Nxe5 13. Bxe5 Qb6 14.
Qb3 Qxb3 15. Nxb3 b6 16. Ba6 Rc6 17. Rxc6 Bxc6 18. Rc1 Ba4 19. f3 Nd7 20.
Bxg7 Kxg7 21. f4 Nb8 22. Be2 Nc6 23. Nd2 Nb4 24. a3 Na2 25. Ra1 Rc8 26.
Rxa2 Rc2 27. Bd1 Rc1 28. b3 Rxd1+ 29. Kf2 Bb5 30. a4 Bd3 31. Rb2 f6 32. g3
Kf7 33. Ra2 Ke6 34. b4 Kd6 35. b5 e5 36. fxe5+ fxe5 37. dxe5+ Kxe5 38. Nf3+
Kd6 39. Nd2 Kc5 40. Kf3 Kb4 41. Kf4 Kc3 42. Nf3 Rf1 43. Kg4 Bf5+ 44. Kf4
Be4 45. Kg5 Rxf3 46. Kh6 Rxg3 47. Kxh7 Rxh3+ 48. Kg7 Rxe3 49. a5 Kb4 50.
axb6 axb6 51. Rb2+ Rb3 52. Rg2 { White resigns } 0-1

[Event "ICC tourney 2349 (60 10)"]
[Site "Internet Chess Club"]
[Date "2021.01.31"]
[Round "4"]
[White "Jerickjavier18"]
[Black "acushemama"]
[Result "1-0"]
[ICCResult "Black checkmated"]
[WhiteElo "1331"]
[BlackElo "1584"]
[Opening "Sicilian defense"]
[ECO "B41"]
[NIC "SI.43"]
[Time "10:04:44"]
[PlyCount "129"]
[TimeControl "3600+10"]

1. e4 c5 2. Nf3 e6 3. d4 Nf6 4. Nc3 d5 5. e5 Nfd7 6. Bd3 Nc6 7. Be2 b6 8.
Bf4 Bb7 9. Bg3 Be7 10. Qd2 cxd4 11. Nxd4 Ncxe5 12. Qe3 Nc6 13. Ndb5 O-O 14.
O-O Nf6 15. Rad1 Bc5 16. Qf3 a6 17. Nc7 Rc8 18. Nxa6 Nd4 19. Qd3 Bxa6 20.
Qxa6 Nxc2 21. a3 Nd4 22. Be5 Nxe2+ 23. Qxe2 Bd6 24. Rfe1 Bxe5 25. Qxe5 Qc7
26. Qg5 h6 27. Qh4 Qd6 28. Ne4 Nxe4 29. Qxe4 Rc4 30. Qxc4 Rd8 31. Qb5 e5
32. Qb4 Qe6 33. f4 f6 34. Rd2 e4 35. Rxe4 Qc6 36. Red4 Re8 37. Rd1 Rd8 38.
Qc3 Qe6 39. Re1 Qf5 40. Qd3 Qd7 41. Rd1 Qc6 42. Rxd5 Rxd5 43. Qxd5+ Qxd5
44. Rxd5 Kf7 45. Rd6 b5 46. Rd5 b4 47. axb4 Ke6 48. Rc5 g5 49. fxg5 h5 50.
g6 Ke7 51. Rc7+ Kf8 52. g7+ Kg8 53. b5 f5 54. b6 Kh7 55. b7 h4 56. b8=Q h3
57. g8=Q+ Kh6 58. Qh8+ Kg5 59. Qbg8+ Kf4 60. Rc4+ Ke3 61. Qe6+ Kd2 62. Qc3+
Kd1 63. Qd5+ Ke2 64. Qde5+ Kd1 65. Rd4# { Black checkmated } 1-0

[Event "ICC tourney 2349 (60 10)"]
[Site "Internet Chess Club"]
[Date "2021.01.31"]
[Round "4"]
[White "fluffyhead101"]
[Black "Seanblustin"]
[Result "1/2-1/2"]
[ICCResult "Game drawn by mutual agreement"]
[WhiteElo "1473"]
[BlackElo "831"]
[Opening "Nimzovich-Larsen attack: symmetrical variation"]
[ECO "A01"]
[NIC "VO.08"]
[Time "10:04:59"]
[PlyCount "120"]
[TimeControl "3600+10"]

1. b3 b6 2. Bb2 Bb7 3. e3 Nc6 4. Nf3 e6 5. Be2 Nf6 6. O-O Be7 7. c4 O-O 8.
d3 d6 9. Nfd2 Qd7 10. Bf3 Rab8 11. a3 d5 12. cxd5 exd5 13. b4 a5 14. b5 Nd8
15. a4 c6 16. Nc3 cxb5 17. Nxb5 Ba6 18. Qb3 Bb4 19. Bxf6 gxf6 20. Nc3 Bxd3
21. Rfc1 d4 22. Nd5 Qf5 23. Ne4 Bxe4 24. Bxe4 Qg5 25. Nxb4 axb4 26. exd4
Kh8 27. Qxb4 Rg8 28. Rc3 Ne6 29. Rg3 Qh5 30. Kh1 Rbd8 31. Rh3 Qxh3 32. gxh3
Rxd4 33. Qb1 Ng5 34. Qxb6 Rxe4 35. Qxf6+ Rg7 36. Rg1 Re6 37. Qxg5 Rxg5 38.
Rxg5 h6 39. Rf5 Kg7 40. Kg2 Re1 41. Ra5 Ra1 42. Ra6 f6 43. Ra7+ Kg6 44. a5
Kh5 45. a6 Kh4 46. Ra8 h5 47. a7 f5 48. Kf3 Kxh3 49. Kf4 Kxh2 50. Kxf5 h4
51. Kg4 h3 52. Kh4 Ra4+ 53. Kh5 Ra5+ 54. Kh6 Ra6+ 55. Kh5 Ra5+ 56. Kg4 Ra4+
57. Kf5 Kh1 58. Rh8 Rxa7 59. Rxh3+ Kg2 60. Rh8 Kxf2 { Game drawn by mutual
agreement } 1/2-1/2

[Event "ICC tourney 2349 (60 10)"]
[Site "Internet Chess Club"]
[Date "2021.01.31"]
[Round "4"]
[White "RogerZ"]
[Black "Zuiopal"]
[Result "1-0"]
[ICCResult "Black checkmated"]
[WhiteElo "1930"]
[BlackElo "1654"]
[Opening "Caro-Kann: Tartakower (Nimzovich) variation"]
[ECO "B15"]
[NIC "CK.06"]
[Time "10:04:45"]
[PlyCount "61"]
[TimeControl "3600+10"]

1. e4 c6 2. d4 d5 3. Nc3 dxe4 4. Nxe4 Nf6 5. Nxf6+ exf6 6. c3 Bd6 7. Bd3
O-O 8. Qc2 Re8+ 9. Ne2 g6 10. h4 f5 11. h5 Be6 12. Be3 Nd7 13. O-O-O b5 14.
Nf4 Qc7 15. Nxe6 Rxe6 16. d5 Ree8 17. g4 Ne5 18. gxf5 Nxd3+ 19. Qxd3 g5 20.
Bxg5 Bf4+ 21. Bxf4 Qxf4+ 22. Kb1 Rad8 23. Rhg1+ Kh8 24. d6 f6 25. Ka1 Re5
26. d7 Rd5 27. Qe2 Qb8 28. Rxd5 cxd5 29. Qe7 Rxd7 30. Qxf6+ Rg7 31. Qxg7# {
Black checkmated } 1-0

[Event "ICC tourney 2349 (60 10)"]
[Site "Internet Chess Club"]
[Date "2021.01.31"]
[Round "4"]
[White "ETfhonehome"]
[Black "elliswong"]
[Result "1/2-1/2"]
[ICCResult "Game drawn by repetition"]
[WhiteElo "1303"]
[BlackElo "1541"]
[Opening "Caro-Kann: exchange, Rubinstein variation"]
[ECO "B13"]
[NIC "CK.02"]
[Time "10:04:43"]
[PlyCount "116"]
[TimeControl "3600+10"]

1. e4 c6 2. d4 d5 3. exd5 cxd5 4. Bd3 Nf6 5. c3 Nc6 6. Bf4 Bg4 7. Qb3 Qb6
8. Qxb6 axb6 9. Nd2 e6 10. Ngf3 Be7 11. O-O h5 12. h3 Bxf3 13. Nxf3 O-O-O
14. Ne5 Nxe5 15. Bxe5 Rdg8 16. c4 Kd7 17. cxd5 Nxd5 18. Bb5+ Kd8 19. Rac1
f6 20. Bg3 g5 21. Rc2 f5 22. Be5 Bf6 23. Bxf6+ Nxf6 24. Rfc1 Nd5 25. Bc4
Nb4 26. Rc3 Re8 27. Bxe6 Ke7 28. d5 Nxa2 29. Rc7+ Kd6 30. Rd7+ Ke5 31. Re1+
Kd4 32. Rc7 f4 33. b3 Nc3 34. Rc4+ Kd3 35. Kf1 b5 36. Rb4 Re7 37. Bf5+ Ne4
38. Bxe4+ Kc3 39. Rxb5 Rhe8 40. Rc1+ Kd2 41. Rc2+ Kd1 42. Rbc5 Rxe4 43.
Rc1+ Kd2 44. f3 Re3 45. R5c2+ Kd3 46. Rc3+ Kd4 47. Rxe3 fxe3 48. d6 e2+ 49.
Ke1 Kd3 50. b4 Rd8 51. Rc5 Rxd6 52. Rxg5 Rc6 53. Rc5 Ra6 54. Ra5 Rc6 55.
Rc5 Ra6 56. Ra5 Rc6 57. Rc5 Ra6 58. Ra5 Rc6 { Game drawn by repetition }
1/2-1/2

[Event "ICC tourney 2349 (60 10)"]
[Site "Internet Chess Club"]
[Date "2021.01.31"]
[Round "4"]
[White "H2ODerp"]
[Black "agent1337"]
[Result "1-0"]
[ICCResult "Black checkmated"]
[WhiteElo "2075"]
[BlackElo "1670"]
[Opening "Sicilian: closed"]
[ECO "B23"]
[NIC "SI.44"]
[Time "10:04:53"]
[PlyCount "107"]
[TimeControl "3600+10"]

1. e4 c5 2. Nc3 e6 3. g3 Nf6 4. Bg2 d5 5. exd5 exd5 6. Nge2 Be7 7. d4 Be6
8. O-O O-O 9. Re1 Nc6 10. Be3 Qb6 11. dxc5 Qxb2 12. Rb1 Qa3 13. Rxb7 Rab8
14. Rb3 Rxb3 15. axb3 Bxc5 16. Nb5 Qb4 17. Nbd4 Nxd4 18. Nxd4 Ng4 19. Bf3
Nxe3 20. fxe3 Bxd4 21. exd4 Rc8 22. Re2 Qc3 23. Kg2 g5 24. Qd2 Qxd2 25.
Rxd2 g4 26. Be2 Rc3 27. Bd3 a5 28. Rd1 a4 29. bxa4 Ra3 30. Bb5 Ra2 31. Rd2
Bf5 32. Kf2 Be4 33. Ke3 Ra3+ 34. Kf4 f5 35. Ke5 Rc3 36. Kd6 Rxc2 37. Rxc2
Bxc2 38. a5 f4 39. gxf4 h5 40. a6 h4 41. a7 g3 42. a8=Q+ Kg7 43. hxg3 h3
44. Qxd5 h2 45. Qh1 Kg6 46. Qxh2 Kf5 47. Qxc2+ Kg4 48. f5 Kg5 49. Ke6 Kh6
50. f6 Kh5 51. f7 Kh6 52. f8=Q+ Kg5 53. Qff5+ Kh6 54. Qg6# { Black
checkmated } 1-0

[Event "ICC tourney 2349 (60 10)"]
[Site "Internet Chess Club"]
[Date "2021.01.31"]
[Round "4"]
[White "MagicStar"]
[Black "Harveyli318"]
[Result "0-1"]
[ICCResult "White checkmated"]
[WhiteElo "2059"]
[BlackElo "1704"]
[Opening "Scandinavian gambit"]
[ECO "B13"]
[NIC "SD.03"]
[Time "10:04:45"]
[PlyCount "96"]
[TimeControl "3600+10"]

1. e4 d5 2. exd5 Nf6 3. c4 c6 4. d4 cxd5 5. Nf3 Bg4 6. Be2 Nc6 7. h3 Bh5 8.
Nc3 e6 9. Ne5 Bxe2 10. Nxe2 Bb4+ 11. Nc3 Ne4 12. Nxc6 bxc6 13. Qa4 Bxc3+
14. bxc3 O-O 15. Qc2 Qa5 16. Bb2 Rab8 17. O-O Rb7 18. cxd5 cxd5 19. c4 Rc8
20. c5 Qd2 21. Qa4 Rxb2 22. Rad1 Qf4 23. Qd7 Rf8 24. Rd3 Rxf2 25. Rxf2
Qxf2+ 26. Kh2 Qf1 27. Rf3 Qa6 28. a4 Nf6 29. Qb5 Qc8 30. Rb3 Qc7+ 31. Kh1
Rc8 32. a5 Kf8 33. a6 Ke7 34. Qa4 Rb8 35. Rxb8 Qxb8 36. Qc6 Kd8 37. Qa4 Ne4
38. Qa5+ Qc7 39. Qb5 Ng3+ 40. Kg1 Nf5 41. Qb4 Ne7 42. Qb1 g6 43. Qf1 Nf5
44. g4 Qg3+ 45. Kh1 Ne3 46. Qf6+ Ke8 47. Qh8+ Ke7 48. Qb8 Qg2# { White
checkmated } 0-1

[Event "ICC tourney 2349 (60 10)"]
[Site "Internet Chess Club"]
[Date "2021.01.31"]
[Round "4"]
[White "danh07"]
[Black "guineapig25"]
[Result "1/2-1/2"]
[ICCResult "Game drawn by mutual agreement"]
[WhiteElo "1852"]
[BlackElo "2044"]
[Opening "Sicilian: Richter-Rauzer"]
[ECO "B60"]
[NIC "SI.27"]
[Time "10:12:41"]
[PlyCount "47"]
[TimeControl "3600+10"]

1. e4 c5 2. Nf3 d6 3. d4 cxd4 4. Nxd4 Nf6 5. Nc3 Nc6 6. Bg5 Qb6 7. Nb3 e6
8. Qd2 Be7 9. O-O-O O-O 10. Kb1 a6 11. h4 Rd8 12. g4 Qc7 13. f3 b5 14. a3
Ne5 15. Nd4 Bb7 16. Bxf6 Bxf6 17. g5 Be7 18. h5 d5 19. f4 Nc4 20. Bxc4 Qxc4
21. e5 b4 22. Na4 Rab8 23. b3 Qc7 24. g6 { Game drawn by mutual agreement }
1/2-1/2